 Dungeon Crawl Stone Soup version 0.19.3-1-g3169bf9 (console) character file.

372 Kloppie the Skirmisher (level 7, -6/56 HPs)
             Began as a Formicid Fighter on Jan 25, 2017.
             Was an Initiate of Ru.
             Killed from afar by an orc wizard (12 damage)
             ... with a puff of flame
             ... on level 4 of the Dungeon.
             The game lasted 00:05:10 (2947 turns).

Kloppie the Skirmisher (Formicid Fighter)           Turns: 2947, Time: 00:05:11

Health: -6/56      AC: 12    Str: 23 (26) XL:     7   Next: 2%
Magic:  7/7        EV:  6    Int:  7      God:    Ru [......]
Gold:   189        SH: 10    Dex: 12      Spells: 0 memorised, 6 levels left

rFire  . . .     SeeInvis +     a - +0 war axe
rCold  . . .     Gourm    .     e - +0 chain mail
rNeg   . . .     Faith    .     c - +0 shield
rPois  .         Spirit   .     (helmet unavailable)
rElec  .         Reflect  .     r - +1 cloak
rCorr  .         Harm     .     x - +0 pair of gloves
MR     .....                    (no boots)
Stlth  ..........               (no amulet)
                                (no ring)
                                (no ring)

@: mighty, lethally poisoned (-6 -> -7)
A: permanent stasis, dig shafts and tunnels, four strong arms, antennae 3
a: Dig, Shaft Self, Renounce Religion


You were on level 4 of the Dungeon.
You worshipped Ru.
Ru was noncommittal.
You were not hungry.

You visited 1 branch of the dungeon, and saw 4 of its levels.

You collected 189 gold pieces.

Inventory:

Hand Weapons
 a - a +0 war axe (weapon)
Armour
 c - a +0 shield (worn)
 e - a +0 chain mail (worn)
 r - a +1 cloak (worn)
 x - a +0 pair of gloves (worn)
Scrolls
 i - 4 scrolls of remove curse
 n - a scroll of magic mapping
 u - 2 scrolls of fear
 w - a scroll of amnesia
Comestibles
 f - a bread ration
 h - 3 chunks of flesh
 j - 3 fruits
 m - 2 slices of pizza
 s - a royal jelly


   Skills:
 - Level 5.5 Fighting
 + Level 5.1 Axes
 - Level 3.2 Armour
 + Level 4.4 Shields


You had 6 spell levels left.
You didn't know any spells.

Dungeon Overview and Level Annotations

Branches:
Dungeon (4/15)             Temple (0/1) D:4

Altars:
Kikubaaqudgha
Ru
Vehumet
The Shining One

Annotations:
D:2 1 runed door


Innate Abilities, Weirdness & Mutations

You are under a permanent stasis effect.
You can dig through walls and to a lower floor.
Your four strong arms can wield two-handed weapons with a shield.
You have a pair of large antennae on your head. (SInv)


Message History

You block the orc wizard's attack.
You closely miss the orc wizard.
The orc wizard is heavily wounded.
You feel sick. You block the orc wizard's attack.
The orc wizard gestures at you while chanting.
The magic dart hits you!
* * * LOW HITPOINT WARNING * * *
You closely miss the orc wizard.
The orc wizard is heavily wounded.
The orc wizard hits you but does no damage.
You block the orc wizard's attack.
You feel very mighty all of a sudden. The orc wizard hits you with a dagger.
* * * LOW HITPOINT WARNING * * *
You barely miss the orc wizard.
The orc wizard is heavily wounded.
The orc wizard is no longer moving quickly.
The orc wizard casts a spell at you. The puff of flame hits you!
You die...

. .# ##.{ ..
... .# ..# #
.# # #.#.# .#
#.##.#.# #
#..ool.# ###.
#o# .... #@#
### #####.# #
#...).# #
#######.#####
# ####.....#.#
# #.##.###.#.#
##.#.#.# #..[#
#.###..###.###
....##.....#


You could see an iguana, an orc wizard (invisible) and 2 orcs.

Vanquished Creatures
  An orc warrior (D:4)
  An orc priest (D:4)
  A centaur skeleton (D:3)
  An orc wizard (D:3)
  2 worker ants (D:4)
  4 adders
  2 oozes (D:1)
  3 worms
  3 dart slugs
  5 leopard geckos
  15 orcs
  4 bats
  5 giant cockroaches
  3 hobgoblins
  2 jackals (D:3)
  A quokka (D:2)
  7 frilled lizards
  5 goblins
  8 kobolds
  6 rats
79 creatures vanquished.

Notes
Turn   | Place    | Note
-------+----------+-------------------------------------------
     0 | D:1      | Kloppie the Formicid Fighter began the quest for the Orb.
     0 | D:1      | Reached XP level 1. HP: 18/18 MP: 1/1
   175 | D:1      | Reached XP level 2. HP: 23/24 MP: 2/2
   301 | D:1      | Reached XP level 3. HP: 27/30 MP: 3/3
  1055 | D:2      | Reached XP level 4. HP: 34/37 MP: 4/4
  1294 | D:2      | Found a glowing golden altar of the Shining One.
  1598 | D:2      | Found a runed door.
  1715 | D:3      | Reached XP level 5. HP: 30/43 MP: 5/5
  2250 | D:3      | Reached skill level 5 in Fighting
  2430 | D:4      | Found a sacrificial altar of Ru.
  2439 | D:4      | Became a worshipper of Ru the Awakened
  2462 | D:4      | Found a staircase to the Ecumenical Temple.
  2475 | D:4      | Reached XP level 6. HP: 24/51 MP: 6/6
  2480 | D:4      | HP: 1/51 [orc/short sword (2)]
  2609 | D:4      | Found a radiant altar of Vehumet.
  2609 | D:4      | Found an ancient bone altar of Kikubaaqudgha.
  2678 | D:4      | HP: 2/51 [poisoned by a worker ant]
  2879 | D:4      | Noticed an orc warrior
  2892 | D:4      | Killed an orc warrior
  2892 | D:4      | Reached skill level 5 in Axes
  2893 | D:4      | Reached XP level 7. HP: 24/56 MP: 7/7
  2947 | D:4      | Killed from afar by an orc wizard

Skill      XL: |  1  2  3  4  5  6 |
---------------+-------------------+-----
Axes           | 3 4 5 |  5.1
Fighting       | 4 5 |  5.5
Shields        | 4 |  4.4
Armour         | |  3.2

Action                   |  1- 3 |  4- 6 |  7- 9 || total
-------------------------+-------+-------+-------++-------
Melee: War axe           |   101 |   161 |    19 ||   281
  Use: Potion            |       |    12 |     1 ||    13
       Scroll            |       |     5 |     3 ||     8
  Eat: Chunk             |     1 |     6 |       ||     7
Armor: Scale mail        |    31 |    77 |       ||   108
       Chain mail        |       |       |    17 ||    17
Dodge: Dodged            |    38 |    46 |     3 ||    87
Block: Shield            |    46 |    83 |    11 ||   140
